 Dungeon Crawl Stone Soup version 0.31-a0-115-g4708a659fe (webtiles) character file.

Game seed: 11867261709388711421

2736 BlueFish the Charlatan (level 9, -1/112 HPs)
             Began as a Red Draconian Artificer on May 29, 2023.
             Was a Follower of Vehumet.
             Slain by a vampire (8 damage)
             ... on level 9 of the Dungeon.
             The game lasted 00:16:00 (7996 turns).

BlueFish the Charlatan (Red Draconian Artificer)    Turns: 7996, Time: 00:16:01

Health: -1/112     AC: 24    Str: 16    XL:     9   Next: 40%
Magic:  5/12       EV:  2    Int: 15    God:    Vehumet [*.....]
Gold:   353        SH:  5    Dex: 11    Spells: 11/12 levels left

rFire   . . .        I - +2 dagger (venom)
rCold   . . .        (no shield)
rNeg    . . .        (body armour unavailable)
rPois   +            (helmet currently unavailable)
rElec   .            (cloak currently unavailable)
rCorr   .            B - melded +0 pair of gloves
SInv    +            (boots currently unavailable)
Will    .....        p - amulet of reflection
Stlth   ++           n - ring of see invisible
HPRegen 0.38/turn    F - ring of wizardry
MPRegen 0.13/turn

%: reflection, wizardry (x1)
@: tree-form, silenced, weakened
A: stationary, stasis, torment immunity, boosted hp, (breathe fire), AC +7,
unfitting armour, (fire resistance 1), (cold-blooded)
a: Renounce Religion


You were on level 9 of the Dungeon.
You worshipped Vehumet.
Vehumet was aware of your devotion.
You were a tree.
You visited 2 branches of the dungeon, and saw 10 of its levels.

You collected 353 gold pieces.

Inventory:

Hand Weapons
 a - a +0 club
 f - a +0 whip
 g - a +1 dagger of venom
 I - a +2 dagger of venom (weapon)
Missiles
 i - 2 throwing nets
Armour
 q - a +0 buckler
 B - a +0 pair of gloves (melded)
Jewellery
 n - a ring of see invisible (left branch)
 p - an amulet of reflection (around neck)
 F - a ring of wizardry (right branch)
 G - a ring of wizardry
Wands
 b - a wand of flame (19)
 c - a wand of charming (13)
 d - a wand of iceblast (8)
Scrolls
 j - 6 scrolls of teleportation {unknown}
 m - 10 scrolls of identify
 u - a scroll of silence
 v - 2 scrolls of fear {unknown}
 w - a scroll of enchant armour {unknown}
 y - 2 scrolls of noise {unknown}
 z - a scroll of torment {unknown}
 A - 2 scrolls of poison {unknown}
 C - a scroll of fog {unknown}
 D - a scroll of brand weapon {unknown}
 H - 2 scrolls of immolation {unknown}
 J - a scroll of vulnerability {unknown}
Potions
 h - a potion of cancellation {unknown}
 k - a potion of enlightenment
 l - 2 potions of lignification
 o - 2 potions of ambrosia {unknown}
 r - a potion of resistance {unknown}
 s - 3 potions of brilliance
 t - 2 potions of degeneration {unknown}
 x - a potion of might {unknown}
 E - a potion of invisibility {unknown}


   Skills:
 + Level 6.1 Fighting
 + Level 5.5 Dodging
 + Level 5.5 Stealth
 + Level 5.2 Shields
 + Level 2.0 Spellcasting
 + Level 1.1 Conjurations
 * Level 2.1 Fire Magic
 + Level 6.2 Evocations


You had 11 spell levels left.
You knew the following spells:

 Your Spells              Type           Power      Damage    Failure   Level
a - Foxfire               Conj/Fire      24%        2x1d5     4%          1

Your spell library contained the following spells:

 Spells                   Type           Power      Damage    Failure   Level
 Shock                    Conj/Air       12%        1d3       8%          1
 Freeze                   Ice            4%         1d3       9%          1
 Lesser Beckoning         Tloc           2%         N/A       13%         2
 Hailstorm                Conj/Ice       3%         3d3       21%         3
 Stone Arrow              Conj/Erth      6%         3d7       21%         3
 Frozen Ramparts          Ice            2%         1d1       26%         3
 Gell's Gravitas          Tloc           1%         N/A       26%         3
 Swiftness                Air            1%         N/A       26%         3
 Teleport Other           Tloc           1%         N/A       26%         3
 Airstrike                Air            0%         2d(1-17)  61%         4
 Lehudib's Crystal Spear  Conj/Erth      1%         10d2      100%        8
 Animate Armour           Summ/Erth      Unusable   N/A       N/A         4

Dungeon Overview and Level Annotations

Branches:
Dungeon (9/15)             Temple (1/1) D:7
   Lair: D:8-11         Orc: D:9-12

Altars:
Ashenzari
Cheibriados
Dithmenos
Elyvilon
Fedhas
Gozag
Hepliaklqana
Kikubaaqudgha
Makhleb
Nemelex Xobeh
Okawaru
Ru
Sif Muna
Trog
Uskayaw
Vehumet
Wu Jian
Xom
Zin
The Shining One

Shops:
D:5 (

Annotations:
D:7 2 runed translucent doors, AuraOfTheDawn's ghost, novice TrFi


Innate Abilities, Weirdness & Mutations

You are a tree.
Your roots penetrate the ground, keeping you stationary.
You cannot be teleported.
You are immune to unholy pain and torment.
Your maximum health is greatly increased.
Your equipment is partially melded.
((You can breathe blasts of fire.))
((Your fiery red scales are hard. (AC +7)))
You cannot fit into any form of body armour.
((Your flesh is heat resistant. (rF+)))
((You are cold-blooded and may be slowed by cold attacks.))


Message History

Casting: Foxfire (safe; 4% risk of failure)
Press: ? - help, Q - select action, (/) - cycle Dir - look around, f - activate You conjure some foxfire!
The gnoll bouda hits you but does no damage.
The vampire hits you but does no damage.
The vampire bites you.
* * * LOW HITPOINT WARNING * * *
The vampire draws strength from your injuries!
It was a potion of enlightenment.
Your roots keep you in place.
The foxfire hits the vampire but does no damage.
The foxfire hits the vampire.
The vampire is lightly damaged.
The gnoll bouda hits you but does no damage.
The vampire barely misses you. The vampire bites you.
* * * LOW HITPOINT WARNING * * *
The vampire draws strength from your injuries!
As you read the scroll labelled QORRYA ISTAUNK, it crumbles to dust.
It is a scroll of identify.
s - 3 potions of brilliance The gnoll bouda gazes fiercely through you!
You feel as though you will be weak longer.
The gnoll bouda hits you but does no damage.
The vampire hits you but does no damage.
The vampire bites you but does no damage.
As you read the scroll labelled IVARYS MUNENK, it crumbles to dust.
A profound silence engulfs you.
It was a scroll of silence.
The gnoll bouda hits you but does no damage.
The vampire hits you but does no damage.
The vampire bites you but does no damage.
You hit the gnoll bouda but do no damage.
The gnoll bouda is lightly wounded.
Your enlightenment fades.
You block the gnoll bouda's attack. The vampire hits you.
* * * LOW HITPOINT WARNING * * *
You block the vampire's attack.
You hit the gnoll bouda.
The gnoll bouda is moderately wounded.
The gnoll bouda hits you but does no damage.
The vampire hits you!
You die...

##+#### ######.$.....
############............
........)...............
.###########.......)....
.# .........V....... .#
.........♣....... ##
.......####g......
.......# .......
.......# .......
.......# ....<.> .....
....### ....# ....#


You could see a vampire (invisible) and a gnoll bouda.

Vanquished Creatures
  A wyvern (D:7)
  A water moccasin (D:5)
  2 orc warriors (D:8)
  A sky beast (D:7)
  An ice beast (D:6)
  An ogre (D:6)
  4 centaurs
  A phantom (D:6)
  3 kobold brigands
  2 bullfrogs (D:6)
  6 killer bees
  A howler monkey (D:9)
  4 hounds
  3 jellies
  2 orc priests
  A sleepcap (D:6)
  Natasha (thrice) (D:4)
  4 iguanas
  10 orc wizards
  7 gnolls
  5 adders
  2 shadow imps
  4 white imps
  A dart slug (D:2)
  14 orcs
  7 ball pythons
  6 endoplasms
  A giant cockroach (D:3)
  11 goblins
  7 hobgoblins
  17 kobolds
  6 quokkas
  6 bats
  A frilled lizard (D:2)
  6 rats
152 creatures vanquished.

Vanquished Creatures (collateral kills)
  A phantom (D:5)
  An orc wizard (D:5)
2 creatures vanquished.

Vanquished Creatures (others)
  67 foxfires
67 creatures vanquished.

Grand Total: 221 creatures vanquished

Notes
Turn   | Place    | Note
-------+----------+-------------------------------------------
     0 | D:1      | BlueFish the Draconian Artificer began the quest for the
                  | Orb.
     0 | D:1      | Reached XP level 1. HP: 16/16 MP: 1/1
    24 | D:1      | Reached skill level 1 in Stealth
   151 | D:1      | Reached XP level 2. HP: 7/23 MP: 2/2
  1170 | D:2      | Found an ornate altar of the Wu Jian Council.
  1222 | D:2      | Reached XP level 3. HP: 28/28 MP: 3/3
  1904 | D:3      | Identified the +1 chain mail "Juawk" {rElec Dex+3}
  1955 | D:3      | Reached XP level 4. HP: 36/36 MP: 4/4
  2111 | D:4      | Found an ancient bone altar of Kikubaaqudgha.
  2218 | D:4      | Reached skill level 1 in Shields
  2377 | D:4      | Noticed Natasha
  2386 | D:4      | Killed Natasha
  2387 | D:4      | Reached XP level 5. HP: 24/42 MP: 5/5
  2545 | D:4      | Noticed Natasha
  2554 | D:4      | Killed Natasha
  2580 | D:4      | Noticed Natasha
  2643 | D:4      | Found a hide-covered altar of Uskayaw.
  2653 | D:4      | Killed Natasha
  2738 | D:5      | Entered Level 5 of the Dungeon
  2738 | D:5      | Found Esoguleth's Weapon Emporium.
  2944 | D:5      | Reached XP level 6. HP: 29/51 MP: 6/6
  3398 | D:5      | Noticed a water moccasin
  3539 | D:5      | Killed a water moccasin
  3540 | D:5      | Your scales start taking on a fiery red colour.
  3540 | D:5      | Reached XP level 7. HP: 57/57 MP: 7/7
  3540 | D:5      | Gained mutation: Your flesh is heat resistant. (rF+) [Red
                  | Draconian growth]
  3741 | D:5      | Found a snail-covered altar of Cheibriados.
  4126 | D:6      | Found a shimmering blue altar of Sif Muna.
  4131 | D:6      | Found a broken altar of Ashenzari.
  4528 | D:6      | Reached skill level 5 in Evocations
  4597 | D:6      | Reached XP level 8. HP: 58/67 MP: 8/8
  5135 | D:7      | Reached skill level 5 in Fighting
  5170 | D:7      | Found a shadowy altar of Dithmenos.
  5310 | D:7      | Reached skill level 5 in Dodging
  5436 | D:7      | Found a staircase to the Ecumenical Temple.
  5450 | Temple   | Entered the Ecumenical Temple
  5466 | Temple   | Became a worshipper of Vehumet
  5579 | D:7      | Found a sacrificial altar of Ru.
  5582 | D:7      | Found an ancient bone altar of Kikubaaqudgha.
  5582 | D:7      | Found a shimmering altar of Xom.
  5584 | D:7      | Found a bloodstained altar of Trog.
  5584 | D:7      | Found an ornate altar of the Wu Jian Council.
  5584 | D:7      | Found a glowing silver altar of Zin.
  5620 | D:7      | Reached skill level 5 in Stealth
  5626 | D:7      | Found a white marble altar of Elyvilon.
  5679 | D:7      | Found a large runed translucent door.
  5679 | D:7      | Found a large runed translucent door.
  5725 | D:7      | Noticed AuraOfTheDawn's ghost (novice TrFi)
  6081 | D:8      | Reached skill level 1 in Spellcasting
  6424 | D:8      | Reached XP level 9. HP: 46/75 MP: 10/10
  6636 | D:8      | Reached skill level 5 in Shields
  6647 | D:8      | Reached * piety under Vehumet
  6647 | D:8      | Offered knowledge of Foxfire by Vehumet.
  6650 | D:8      | Learned a level 1 spell: Foxfire
  6905 | D:8      | Found a sparkling altar of Nemelex Xobeh.
  7425 | D:8      | HP: 2/75 [orc warrior/+0 halberd (7)]
  7441 | D:8      | Reached skill level 1 in Fire Magic
  7942 | D:9      | Reached skill level 1 in Conjurations
  7996 | D:9      | Slain by a vampire

Illustrated notes

Levels and vault maps discovered:
D:1:      amcnicky_arrival_blooded_trapdoor, layout_basic
D:2:      layout_loops_cross, basic_altar, glass_columns_b
D:3:      layout_rooms
D:4:      layout_rooms, nicolae_kikubaaqudgha_miasma_corner, kennysheep_mini,
          bh_walls_and_bars, uniq_natasha
D:5:      layout_loops_ring, mainiacjoe_overflow_alcove_1, serial_shops,
          nicolae_shop_tiny_waterfront
D:6:      layout_basic, cheibrodos_ashenzari_chains, lemuel_crystal_altar,
          chequers_garden
D:7:      layout_rooms, lemuel_doored_altar, doesnt_xom_only_xom,
          elyvilon_altar_3, minmay_temple_entry_hall,
          ebering_ghost_disaster_area, minivault_27
D:8:      layout_basic, nemelex_spade_bored_becter
D:9:      layout_basic, mainiacjoe_overflow_24_doors,
          yredelemnul_forgotten_temple_becter, uniq_amaemon
Temple:   nicolae_temple_ecumenical_triangle

Skill      XL: |  1  2  3  4  5  6  7  8  9 |
---------------+----------------------------+-----
Stealth        | 1 2 3 4 5 |  5.5
Fighting       | 2 3 4 5 6 |  6.1
Shields        | 1 2 3 4 5 |  5.2
Dodging        | 3 4 5 |  5.5
Evocations     | 4 5 6 |  6.2
Spellcasting   | 1 2 |  2.0
Fire Magic     | 2 |  2.1
Conjurations   | 1 |  1.1

Action                     |  1- 3 |  4- 6 |  7- 9 || total
---------------------------+-------+-------+-------++-------
  Melee: Club              |    28 |       |       ||    28
         Tailslap          |    14 |    18 |    49 ||    81
         Dagger            |   116 |   122 |   335 ||   573
         Whip              |    15 |       |       ||    15
         Punch             |       |     1 |     3 ||     4
   Cast: Foxfire           |       |       |    36 ||    36
Ability: Breathe Fire      |       |       |    15 ||    15
  Evoke: Wand              |       |     6 |       ||     6
    Use: Potion            |       |     2 |     3 ||     5
         Scroll            |       |       |     2 ||     2
   Stab: Sleeping          |     5 |     1 |     4 ||    10
 Armour: Skin              |    53 |    26 |   114 ||   193
  Dodge: Dodged            |   105 |    49 |   199 ||   353
  Block: Other             |    21 |    34 |    90 ||   145
         Reflection        |       |     1 |     1 ||     2

Table legend: (Time is in decaauts)
 A = Elapsed time spent in this place.
 B = Non-inter-level travel time spent in this place.
 C = Inter-level travel time spent in this place.
 D = Time resting spent in this place.
 E = Time spent auto-exploring this place.
 F = Levels seen in this place.
 G = Mean time per level.
                   A        B        C        D        E       F      G
               +--------+--------+--------+--------+--------+-----+--------+
         Total |   8015 |   7743 |    272 |    167 |   5872 |  10 |  801.5 |
       Dungeon |   7970 |   7705 |    265 |    167 |   5843 |   9 |  885.6 |
        Temple |     44 |     37 |      7 |      0 |     29 |   1 |   44.0 |
               +--------+--------+--------+--------+--------+-----+--------+

Top non-repeatable levels by time:
     D:8: 1630 daAuts
     D:6: 1165 daAuts
     D:5: 1128 daAuts
     D:1: 954 daAuts
     D:7: 914 daAuts
     D:4: 674 daAuts
     D:2: 572 daAuts
     D:3: 553 daAuts
     D:9: 377 daAuts
  Temple: 44 daAuts
